[Event "Early-Titled-Tuesday-Blitz-February-13-2024"]
[Site "Chess.com"]
[Date "2024.02.13"]
[Round "1"]
[White "Alex_Terzi"]
[Black "Igor_Lysyj"]
[Result "0-1"]
[WhiteElo "2484"]
[BlackElo "2865"]
[TimeControl "180+1"]
[EndTime "8:09:12 PST"]
[Termination "Igor_Lysyj won by resignation"]

1. e4 e5 2. Nf3 Nc6 3. d4 exd4 4. Nxd4 Nf6 5. Nxc6 bxc6 6. e5 Qe7 7. Qe2 Nd5 8. c4 Ba6 9. b3 g6 10. g3 Bg7 11.
Bb2 O-O 12. Bg2 Rae8 13. O-O Bxe5 14. Qxe5 Qxe5 15. Bxe5 Rxe5 16. cxd5 Bxf1 17. Kxf1 cxd5 18.
Nc3 c6 19. Rc1 Rb8 20. Na4 Kf8 21. Bf3 Ke7 22. Nc5 Kd6 23. Nd3 Ree8 24. Rc5 Ra8 25. Ra5 Kc7 26. Rc5 Kb6 27. Rc2 a5 28. Nb2 Re5 29.
Nd3 Re7 30. Nb2 Rae8 31. Nd3 f5 32. h4 h6 33. Kg2 g5 34. hxg5 hxg5 35. g4 f4 36. Kf1 Rh8 37. Kg2 Rh6 38. Kg1 Rh8 39. Kg2 Ra8 40. a3 Rb8 41. Kf1 Ka7 42. b4 axb4 43.
axb4 Kb6 44. Ra2 d6 45. Ra3 Ra7 46. Rxa7 Kxa7 47. Ke2 Kb6 48. Kd2 Ra8 49. Bd1 Ra2+ 50.
Bc2 c5 51. bxc5+ dxc5 52. Ne5 c4 53. Nf3 Kc5 54. Nxg5 d4 55. Ne6+ Kd5 56. Nxf4+ Ke5 57.
Ng6+ Kf6 58. Nf4 Ke5 59. Ng6+ Kd6 60. Nf4 Ra3 61. g5 Rf3 62. Ne2 d3 63. Bd1 Rxf2 64. Ke3 Rg2 65. Nf4 Rxg5 66. Nxd3 Rg3+ 67. Kd2 Rxd3+ 68.
Kc2 Kc5 69. Be2 Rg3 70. Kd2 Kd4 71. Bd1 Rg2+ 72. Kc1 Kc3 73. Kb1 Rg1 74. Kc1 Rh1 75. Kb1 Rxd1+ 0-1

[Event "Early-Titled-Tuesday-Blitz-February-13-2024"]
[Site "Chess.com"]
[Date "2024.02.13"]
[Round "1"]
[White "ActorXu"]
[Black "Aash20"]
[Result "1-0"]
[WhiteElo "2823"]
[BlackElo "2457"]
[TimeControl "180+1"]
[EndTime "8:09:12 PST"]
[Termination "ActorXu won by checkmate"]

1. e4 c5 2. Nf3 g6 3. c3 Bg7 4. d4 cxd4 5. cxd4 d5 6. e5 Nc6 7.
Bb5 Bg4 8. O-O Nh6 9. Nbd2 O-O 10.
h3 Bxf3 11. Nxf3 Rc8 12. Bxc6 Rxc6 13. Bf4 f6 14. Qd2 Nf7 15. Rfe1 Qb6 16. h4 Rfc8 17. h5 Rc2 18. Qd3 f5 19. Qe3 e6 20. hxg6 hxg6 21.
Nh4 Nh8 22. Qg3 Kf7 23. Nf3 Rxb2 24. Qh4 Rcc2 25. Ng5+ Kf8 26. Rac1 Nf7 27. Nh7+ Kg8 28. Nf6+ Bxf6 29. Qxf6 Qxd4 30. Qxg6+ Kf8 31. Be3 Qxe5 32. Rxc2 Rxc2 33. Bh6+ Nxh6 34. Rxe5 Rc1+ 35. Kh2 Ng4+ 36. Kg3 Rc3+ 37. f3 Nxe5 38. Qf6+ Nf7 39. Qxc3 Ke7 40. Qc7+ Kf6 41. Qxb7 d4 42. Qxa7 e5 43. Qb6+ Kg5 44. f4+ exf4+ 45. Kf2 Ne5 46. Qxd4 Ng4+ 47. Kg1 Ne3 48.
Qg7+ Kh4 49. a4 Ng4 50. a5 Kg3 51. a6 f3 52. gxf3 Kxf3 53. a7 Kg3 54. a8=Q Kf4 55. Qd4+ Kg3 56. Qg2+ Kh4 57. Qh8+ Kg5 58. Qh6+ Kxh6 59. Qg3 Kg5 60. Kg2 Kg6 61. Qf4 Kf6 62. Kf3 Ne5+ 63. Ke3 Ng4+ 64. Kd4 Kg6 65. Kd5 Kf6 66.
Kd6 Kg6 67. Ke6 Nh6 68. Qg3+ Ng4 69. Qf3 Nh6 70. Qf4 Kg7 71. Qg5+ Kh7 72. Kf6 Ng8+ 73. Kxf5 Nh6+ 74. Ke6 Ng8 75. Kf7 Nh6+ 76. Kf8 Nf5 77.
Qxf5+ Kh6 78. Qg4 Kh7 79. Qh5# 1-0

[Event "Early-Titled-Tuesday-Blitz-February-13-2024"]
[Site "Chess.com"]
[Date "2024.02.13"]
[Round "1"]
[White "Iball95"]
[Black "Levanzovsky"]
[Result "1-0"]
[WhiteElo "2892"]
[BlackElo "2493"]
[TimeControl "180+1"]
[EndTime "8:09:13 PST"]
[Termination "Iball95 won by resignation"]

1. e4 e5 2. Nf3 Nc6 3. Nc3 Nf6 4. Bb5 Nd4 5. Nxd4 exd4 6. e5 dxc3 7. exf6 Qxf6 8. dxc3 Qe5+ 9. Be2 Bd6 10. g3 b6 11.
O-O Bb7 12. Bf4 Qe4 13. f3 Bc5+ 14. Kg2 Qc6 15. a4 O-O-O 16. Bb5 Qg6 17. b4 Be7 18. a5 Kb8 19. axb6 axb6 20. Bd3 Qf6 21. Re1 Bd6 22. Bxd6 Qxd6 23. Qe2 g5 24. Qe5 Qxe5 25. Rxe5 g4 26. Be4 d5 27. Bd3 d4 28. cxd4 Rxd4 29. Rf5 Bxf3+ 30. Kf2 Rxb4 31. Rxf7 h5 32. Re1 h4 33. Ree7 hxg3+ 34. hxg3 Rh2+ 35. Ke3 Rb1 36. Rxc7 Re1+ 37. Kf4 Rf2 38. Rce7 Rxe7 39. Rxe7 Rg2 40. Bf5 Rf2 41. c3 Bd1+ 42. Kg5 Rf3 43. Re1 Bb3 44.
Rc1 Rxg3 45. Kf4 Rf3+ 46. Kxg4 Re3 47. Kf4 Re7 48. Rb1 Bd5 49. Rxb6+ Kc7 50. Ra6 Kb7 51. Rd6 Bc6 52. Be6 Kc7 53. Ke5 Rg7 54. Rd2 Rg5+ 55. Kd4 Kd6 56. Bc4 Kc7 57. Bd3 Rg4+ 58. Ke3 Kb6 59.
Rf2 Rg3+ 60. Kd2 Kc5 61. Rf5+ Kb6 62. Rf6 Rg2+ 63. Kc1 Kc5 64. Rxc6+ Kd5 65. Rc8 Rg1+ 66. Kc2 Rg2+ 67. Kb3 Rg1 68. Bc4+ Kd6 69. Rd8+ Kc7 70. Rd5 Rb1+ 71. Ka4 Ra1+ 72. Kb4 Rb1+ 73. Bb3 Kc6 74. c4 Rg1 75. Ba4+ Kc7 76. Rd7+ Kc8 77. Rh7 Rb1+ 78.
Kc5 Rg1 79. Bc6 1-0

[Event "Early-Titled-Tuesday-Blitz-February-13-2024"]
[Site "Chess.com"]
[Date "2024.02.13"]
[Round "1"]
[White "GMKrikor"]
[Black "ural58"]
[Result "1-0"]
[WhiteElo "2880"]
[BlackElo "2491"]
[TimeControl "180+1"]
[EndTime "8:09:14 PST"]
[Termination "GMKrikor won by resignation"]

1. Nf3 d5 2. c4 dxc4 3. Na3 c5 4. Nxc4 b5 5. Ne3 Bb7 6. g3 e6 7. Bg2 Nf6 8. O-O Be7 9. b3 O-O 10. Bb2 Nbd7 11. Rc1 Qb6 12. Rc2 Rfd8 13. Qa1 Bf8 14. Rfc1 Rac8 15. d3 Nd5 16. Nxd5 exd5 17. Nh4 d4 18.
Bxb7 Qxb7 19. b4 cxb4 20. Bxd4 Rxc2 21. Rxc2 a5 22. Nf5 f6 23. Qc1 g6 24. Ne3 Bd6 25.
Rc6 Ne5 26. Rb6 Qd7 27. Nd5 Qf7 28. Bxe5 Bxe5 29. Rxb5 Kg7 30. Qc4 h5 31. Rxa5 Kh6 32. Rb5 Bc3 33. Ne3 Qxc4 34. Nxc4 Ra8 35. Ne3 Rxa2 36.
Nd5 Ra4 37. Nxc3 bxc3 38. Rc5 Ra2 39. e3 c2 40. Kg2 h4 41. gxh4 f5 42. d4 Kh5 43. d5 Ra5 44. Rxc2 Rxd5 45. Rc4 Rd2 46. h3 Ra2 47. Kg3 Ra1 48. Rc8 Kh6 49. Rh8+ Kg7 50. Rd8 Kh6 51. Rd7 Rg1+ 52. Kh2 Rf1 53. Kg2 Ra1 54. Rd8 Ra2 55. Kg3 Ra1 56. Rf8 Rg1+ 57. Kh2 Ra1 58. Kg2 Rb1 59. Kg3 Rg1+ 60. Kf4 Ra1 61. f3 Ra4+ 62. e4 fxe4 63. fxe4 Ra3 64.
Kg4 Re3 65. Rf4 Re1 66. Kf3 Rf1+ 67. Ke3 Rh1 68. Rf3 Rd1 69. e5 Kh5 70. Ke4 Kxh4 71. e6 Rd8 72. Ke5 g5 73. e7 Ra8 74. Ke6 Rb8 75.
Kf7 1-0

[Event "Early-Titled-Tuesday-Blitz-February-13-2024"]
[Site "Chess.com"]
[Date "2024.02.13"]
[Round "1"]
[White "killer_dreams"]
[Black "Rikikits"]
[Result "0-1"]
[WhiteElo "2477"]
[BlackElo "2854"]
[TimeControl "180+1"]
[EndTime "8:09:15 PST"]
[Termination "Rikikits won by resignation"]

1. d4 c6 2. Nf3 d5 3. c4 Nf6 4. Nbd2 Bf5 5. e3 e6 6. Be2 Nbd7 7. O-O h6 8. b3 Bd6 9. Bb2 O-O 10. Rc1 Qb8 11. h3 a5 12. a3 Re8 13. Nb1 Ne4 14. Nc3 Nxc3 15. Rxc3 Nf6 16. Bd3 Ne4 17. Rc1 Qd8 18.
Qc2 Qe7 19. a4 Qf6 20. Ne5 Bxe5 21. dxe5 Qg6 22. f3 Ng3 23. Bxf5 exf5 24. Rfe1 Rad8 25. Bc3 dxc4 26. Bxa5 Rd5 27. Bc3 cxb3 28. Qxb3 Rd7 29. Kf2 Red8 30. Red1 h5 31. Rxd7 Rxd7 32. Rd1 Rxd1 33.
Qxd1 Kh7 34. Qd8 Nh1+ 35. Kg1 Ng3 36. Kf2 c5 37. Qh4 Nh1+ 38. Kg1 Ng3 39. Be1 Ne2+ 40. Kf2 Nc1 41. Qc4 f4 42. Qxc1 Qd3 43. exf4 c4 44.
Qc3 Qd5 45. Bd2 g6 46. Be3 Qc6 47. a5 Qb5 48. Bb6 Qd5 49. Qd4 Qc6 50. Qc5 Qa4 51.
Qc7 Kg8 52. Qb8+ Kg7 53. Bd4 Qd1 54. Qd6 Qd2+ 55. Kg3 h4+ 56. Kh2 Qxf4+ 57. Kh1 Qc1+ 58. Bg1 c3 59. e6 fxe6 60. Qe7+ Kg8 61. Qxe6+ Kh7 62. Qe7+ Kg8 63. Qd8+ Kf7 64. Qc7+ Ke6 65. Qb6+ Ke5 66. Qd4+ Kf5 67. Qe4+ Kf6 68. Qd4+ Kf7 69.
Qd5+ Kf6 70. Qd6+ Kf5 71. Qc5+ Ke6 72. Qc4+ Kd6 73. Kh2 c2 74. Bc5+ Kd7 75. Qd5+ Kc7 76. Qd6+ Kc8 77. Qe6+ Kb8 78. Bd6+ Ka7 79. Bc5+ Kb8 80.
Qe8+ Kc7 81. Qe7+ Kc6 82. Qd6+ Kb5 83. Qb6+ Kc4 84. Qb4+ Kd3 85. Qd4+ Ke2 86. Qe3+ Qxe3 87. Bxe3 Kxe3 0-1

[Event "Early-Titled-Tuesday-Blitz-February-13-2024"]
[Site "Chess.com"]
[Date "2024.02.13"]
[Round "1"]
[White "GianmarcoVaR"]
[Black "GrotBchess"]
[Result "1-0"]
[WhiteElo "2706"]
[BlackElo "2371"]
[TimeControl "180+1"]
[EndTime "8:09:16 PST"]
[Termination "GianmarcoVaR won by checkmate"]

1. e4 c5 2. Nf3 e6 3. d4 cxd4 4. Nxd4 Nc6 5. Nc3 Nf6 6. Bf4 Bb4 7. Nb5 O-O 8. a3 Ba5 9. Bd6 Re8 10. f3 a6 11. Nd4 Qb6 12. Nxc6 dxc6 13. b4 Qe3+ 14.
Ne2 Bb6 15. Qd3 Qf2+ 16. Kd2 Rd8 17. c4 Ne8 18. c5 a5 19. Qe3 Qxe3+ 20. Kxe3 Nxd6 21.
Nd4 e5 22. Nc2 Ba7 23. Rd1 Nf5+ 24. Ke2 Rxd1 25. Kxd1 Ne7 26. Bc4 axb4 27. axb4 Be6 28. Bxe6 fxe6 29. Kc1 b6 30. cxb6 Bxb6 31. Kb2 Bd4+ 32.
Kb3 Kf7 33. Kc4 Bb6 34. Kb3 c5 35. b5 Ra5 36. Na3 Nc8 37. Rd1 Ke7 38. h4 Nd6 39. h5 c4+ 40. Kb4 Rxa3 41. Kxa3 Nxb5+ 42. Kb4 Nd6 43. Ra1 Bd4 44. Ra8 c3 45. Kb3 Kf7 46. Rd8 Nb5 47. Rd7+ Kf6 48. g3 Na7 49. h6 gxh6 50.
Rxh7 Nc6 51. Rxh6+ Ke7 52. Rh8 Na5+ 53. Kb4 c2 54.
Rc8 Nb7 55. Rxc2 Nd6 56. Kb3 Kf6 57. Rh2 Nf7 58. Kc2 Ng5 59. Rh1 Kg6 60. Rf1 Nf7 61. Kd3 Ng5 62. Ke2 Nf7 63. Rb1 Ng5 64. Rb7 Kf6 65. Rb8 Nf7 66. Rg8 Ke7 67. Rg6 Nd6 68.
Kd3 Nf7 69. f4 Ba1 70. f5 Bd4 71. Rxe6+ Kf8 72. Rg6 Ke7 73. g4 Bf2 74. Re6+ Kf8 75. Ke2 Bh4 76. Kd3 Kg7 77. Rg6+ Kf8 78. Ra6 Kg7 79. Kc4 Bf6 80. Kd5 Bg5 81. Rg6+ Kf8 82. Re6 Kg7 83. Ra6 Bf6 84. Ra7 Kf8 85. Ke6 Bg5 86.
Rxf7+ Kg8 87. Rd7 Bf4 88. Kf6 Kf8 89. Rd8# 1-0

[Event "Early-Titled-Tuesday-Blitz-February-13-2024"]
[Site "Chess.com"]
[Date "2024.02.13"]
[Round "1"]
[White "Perecke"]
[Black "Azerichess"]
[Result "0-1"]
[WhiteElo "2542"]
[BlackElo "3069"]
[TimeControl "180+1"]
[EndTime "8:09:19 PST"]
[Termination "Azerichess won by checkmate"]

1. e4 d5 2. exd5 Qxd5 3. Nc3 Qa5 4. Bc4 Nf6 5. d3 Bg4 6. f3 Bf5 7. Be3 e6 8. Qe2 Ba3 9. Bc1 Nc6 10. Qd2 Bb4 11.
Nge2 O-O-O 12. O-O h5 13. a3 Bd6 14. Nb5 Qb6+ 15.
d4 Be7 16. a4 Na5 17. Bd3 a6 18. b4 Bxb4 19. Qxb4 Nc6 20. Qb2 Bxd3 21. cxd3 axb5 22. axb5 Nb8 23. Bd2 Nd5 24. Rfc1 Qd6 25. Nc3 Nxc3 26.
Bxc3 h4 27. b6 c6 28. h3 Rh5 29. Qf2 Qg3 30. Qxg3 hxg3 31. Bd2 Rxd4 32. Be3 Rxd3 33. Bf4 Na6 34. Bxg3 Rb5 35. Rxc6+ bxc6 36. Rxa6 Rd1+ 37. Kh2 Rd2 38. Bc7 c5 39. Ra8+ Kb7 40. Rf8 Rd7 41.
Rb8+ Kc6 42. Rg8 c4 43. Rxg7 c3 44. Rg4 c2 45. Rc4+ Rc5 46. Rxc5+ Kxc5 47. b7 c1=Q 48.
b8=Q Qc4 49. Bg3 Qb5 50. Qe5+ Kc6 51. Qc3+ Kb7 52. Qf6 Qd5 53. Qf4 f5 54. Qb8+ Kc6 55. Qa8+ Kc5 56. Bf2+ Kc4 57. Qa2+ Kd3 58. Qb1+ Kd2 59.
Be1+ Ke2 60. Bg3 Qd2 61. Qb5+ Kd1 62. Qb3+ Qc2 63. Qxe6 Rd2 64. h4 Rxg2+ 65. Kh3 Re2 66. Qd5+ Rd2 67. Qe5 Qd3 68. Qa1+ Kc2 69. Qa2+ Kc3 70.
Qa5+ Kc4 71. Qa6+ Kd5 72. Qd6+ Kc4 73. Qc6+ Kb4 74. Qb6+ Qb5 75. Qe3 Qf1# 0-1

[Event "Early-Titled-Tuesday-Blitz-February-13-2024"]
[Site "Chess.com"]
[Date "2024.02.13"]
[Round "1"]
[White "kakarot_001"]
[Black "itsdsyr"]
[Result "1-0"]
[WhiteElo "2646"]
[BlackElo "2301"]
[TimeControl "180+1"]
[EndTime "8:09:31 PST"]
[Termination "kakarot_001 won by resignation"]

1. b3 Nf6 2. Bb2 e6 3. e3 d5 4. f4 Be7 5. Nf3 O-O 6. Be2 Re8 7. O-O Bf8 8. Kh1 b6 9. d3 Bb7 10. Ne5 Nbd7 11. Nd2 c5 12. Qe1 Nxe5 13. fxe5 Nd7 14.
Qg3 Rc8 15. Nf3 h6 16. Nd2 Qg5 17. Qf2 Qg6 18. Nf3 Be7 19. Nh4 Bxh4 20. Qxh4 Qg5 21.
Qf2 Rf8 22. Rae1 Nxe5 23. h4 Ng4 24. hxg5 Nxf2+ 25. Rxf2 hxg5 26. Ref1 f6 27. Bh5 Bc6 28. g4 Be8 29. Rh2 g6 30. Bxg6 Bxg6 31. Bxf6 Bh7 32.
Rh5 Rf7 33. Rxg5+ Kf8 34. Bg7+ Ke8 35. Rxf7 Kxf7 36. Be5 Rg8 37. Rxg8 Kxg8 38. Bb8 a6 39. Ba7 c4 40. bxc4 dxc4 41. dxc4 Bxc2 42. Bxb6 Kf7 43. Kg2 e5 44. Kf3 Ke6 45. g5 Bg6 46. e4 Kd6 47.
Ke3 Bf7 48. Kd3 Bg6 49. Ba7 Ke6 50. Bb8 Be8 51. c5 Bb5+ 52. Ke3 Be8 53. a3 Bg6 54. c6 Be8 55. c7 Kd7 56. Kd3 Bf7 57. Kc3 Bg6 58. Kd3 Bf7 59. a4 Kc8 60. a5 Bg6 61. Ke3 Bh7 62. Kf3 Bg6 63. Ke3 Bh7 64. Kd3 Bg6 65. Kc4 Bxe4 66. Kc5 Bb7 67. g6 Be4 68. g7 Bh7 69. Kd6 e4 70. Ba7 Bg8 71. Be3 Bb3 72. Bf4 Bg8 73. Ke7 Bb3 74. Kd6 e3 75. Bxe3 Bg8 76. Bf4 Bb3 77. Ke7 Bg8 78. Kf8 Bb3 79. g8=Q Bxg8 80. Kxg8 1-0

[Event "Early-Titled-Tuesday-Blitz-February-13-2024"]
[Site "Chess.com"]
[Date "2024.02.13"]
[Round "1"]
[White "andrzej"]
[Black "KaterynaLagno"]
[Result "1-0"]
[WhiteElo "2474"]
[BlackElo "2808"]
[TimeControl "180+1"]
[EndTime "8:09:40 PST"]
[Termination "andrzej won by resignation"]

1. e4 e5 2. Nf3 Nc6 3. Bb5 a6 4. Ba4 d6 5. O-O Bd7 6. c4 Nf6 7. Nc3 Bg4 8. d3 Nd7 9. h3 Bxf3 10. Qxf3 Nd4 11. Qg3 c6 12. Bd1 g6 13. Ne2 Nxe2+ 14. Bxe2 Bg7 15. Be3 O-O 16. b4 Qe7 17. Rab1 f5 18.
Bg5 Qf7 19. exf5 gxf5 20. f4 Kh8 21. Bf3 Rae8 22. Rfe1 Rg8 23. Qh4 Nf6 24. Bxf6 Bxf6 25. Qh6 Re7 26. b5 axb5 27. cxb5 c5 28. a4 b6 29. a5 bxa5 30. b6 e4 31. dxe4 Bd4+ 32. Kh1 Rge8 33. Bh5 Qg7 34. Qxd6 Rg8 35. Bf3 fxe4 36.
Rxe4 Rd7 37. Qe6 a4 38. Re2 a3 39. b7 Rdd8 40. Bd5 Rgf8 41. b8=Q Rxb8 42. Rxb8 Rxb8 43. Qe8+ Qf8 44. Qd7 Rd8 45. Qe6 Qxf4 46. Re1 Qf6 47. Qe4 Rf8 48. Bc4 Qf2 49. Rf1 Qxf1+ 50. Bxf1 Rxf1+ 51. Kh2 Rf8 52. Qd5 Kg7 53. h4 h6 54. Kh3 Rf4 55. g3 Rf7 56. h5 Rf6 57. Qd7+ Kf8 58. Qd5 Ke7 59. g4 Rd6 60. Qe4+ Kd7 61. Qb7+ Kd8 62. Qb8+ Ke7 63. Qb7+ Ke6 64. Qe4+ Kf6 65.
Qf5+ Ke7 66. g5 hxg5 67. Qxg5+ Bf6 68. Qe3+ Re6 69. Qxc5+ Kf7 70. Qxa3 Bg5 71. Qb3 Bh6 72. Kg4 Ke7 73. Qb7+ Kf6 74. Qf3+ Ke5 75. Qf5+ Kd6 76.
Qd3+ Ke5 77. Qe2+ Kf6 78. Qf3+ Ke5 79. Qf5+ Kd6 80. Qd3+ Ke5 81. Qc3+ Kd5 82. Qb3+ Ke5 83. Qb5+ Ke4 84. Qf5+ 1-0

[Event "Early-Titled-Tuesday-Blitz-February-13-2024"]
[Site "Chess.com"]
[Date "2024.02.13"]
[Round "1"]
[White "vladgoncharov"]
[Black "szefru"]
[Result "1-0"]
[WhiteElo "2624"]
[BlackElo "2267"]
[TimeControl "180+1"]
[EndTime "8:09:50 PST"]
[Termination "vladgoncharov won on time"]

1. d4 Nf6 2. c4 g6 3. Nc3 Bg7 4. Nf3 d6 5. Bg5 O-O 6. e3 c5 7. Be2 Bg4 8. O-O cxd4 9. Nxd4 Bxe2 10. Qxe2 Nc6 11. Rfd1 Qa5 12. Bh4 Rac8 13. Rac1 Rfe8 14. Nb3 Qh5 15. Qxh5 Nxh5 16. c5 dxc5 17. Nxc5 b6 18. N5e4 f5 19. Ng5 f4 20. Ne6 fxe3 21. fxe3 Bf6 22.
Bf2 Nb4 23. a3 Nc6 24. Rd2 Kf7 25. Nd4 Ne5 26. Rcd1 Nc4 27. Re2 Red8 28. Ne4 e5 29.
Nxf6 Nxf6 30. Bh4 exd4 31. Rf1 Rd6 32. Ref2 Rcc6 33. e4 Ne3 34. Re1 Ng4 35. e5 Re6 36. Rfe2 Nd5 37. h3 Nge3 38. Rf2+ Kg7 39. Rd2 Rc4 40. Bg3 a5 41. Rd3 b5 42. b3 Rc3 43.
Rxd4 Rxb3 44. Rc1 Rxa3 45. Rc8 b4 46. Re4 b3 47. Rb8 Ra1+ 48. Kf2 Rb1 49. Kf3 Rf1+ 50.
Ke2 Rb1 51. Be1 a4 52. Bd2 Nc2 53. Rc4 Rxe5+ 54. Kf3 Nf6 55. Rc7+ Nd7 56. Rxd7+ Kf6 57. Bc3 Rf1+ 58. Kg3 Rf5 59. Rb6+ Kg5 60. h4+ Kh6 61.
Bd2+ Rg5+ 62. hxg5+ Rxg5+ 63. Bxg5+ Kxg5 64. Ra7 a3 65. Rxb3 a2 66. Rb2 a1=Q 67. Rxa1 Nxa1 68. Kf3 h5 69. g3 Kf5 70. Ke3 Kg4 71. Kf2 g5 72. Kg2 h4 73. Rb4+ Kh5 74. g4+ Kg6 75. Rb2 Kf6 76.
Kf3 Ke5 77. Ke3 h3 78. Rh2 Nb3 79. Rxh3 Nc5 80. Rh5 Ne6 81. Rh8 Nf4 82. Re8+ Kd5 83.
Ra8 Ke5 84. Ra5+ Kf6 85. Ke4 Nh3 86. Ra6+ Kg7 87. Kf5 Kf7 88. Rg6 Kf8 89. Ra6 Kf7 90. Ra7+ Kf8 91. Kf6 Ke8 92. Ra8+ Kd7 93. Rg8 Kd6 94.
Rxg5 1-0

[Event "Early-Titled-Tuesday-Blitz-February-13-2024"]
[Site "Chess.com"]
[Date "2024.02.13"]
[Round "1"]
[White "ChessSkool"]
[Black "Rozhkov_V"]
[Result "1/2-1/2"]
[WhiteElo "2688"]
[BlackElo "2379"]
[TimeControl "180+1"]
[EndTime "8:09:51 PST"]
[Termination "Game drawn by 50-move rule"]

1. d4 d5 2. Nf3 Nf6 3. c3 Bf5 4. Qb3 Qc8 5. c4 c6 6. Nc3 e6 7. Bf4 Be7 8. Rc1 O-O 9. cxd5 exd5 10. e3 Nbd7 11. h3 h6 12. Be2 a5 13. O-O g5 14.
Bg3 Kg7 15. Ne5 Bd6 16. Nxc6 Qxc6 17. Nb5 Qb6 18. Nxd6 Bg6 19. Qxb6 Nxb6 20. Nxb7 Ne4 21. Bc7 Na4 22. Nxa5 Rfc8 23. Bh2 Rxc1 24. Rxc1 Rxa5 25. Be5+ f6 26. Rc7+ Kf8 27. b4 Ra8 28. Bh2 Nac3 29. Bf1 Rxa2 30. f3 Ne2+ 31. Bxe2 Rxe2 32. fxe4 Bxe4 33. Bd6+ Kg8 34. b5 Rxg2+ 35. Kf1 Rb2 36. Be7 Rxb5 37. Bxf6 Rb2 38. Bg7 h5 39. Bf6 g4 40.
hxg4 hxg4 41. Rg7+ Kf8 42. Rxg4 Kf7 43. Be5 Ke6 44. Bf4 Rc2 45. Rg5 Rb2 46. Ke1 Rc2 47. Re5+ Kf6 48. Kd1 Ra2 49. Rg5 Bf3+ 50. Kc1 Be4 51.
Re5 Rc2+ 52. Kd1 Ra2 53. Re8 Bf3+ 54. Kc1 Be4 55. Rf8+ Kg6 56. Rg8+ Kf5 57. Rg5+ Kf6 58. Rh5 Rc2+ 59. Kd1 Ra2 60. Rh6+ Kf5 61. Kc1 Kg4 62.
Rb6 Rc2+ 63. Kd1 Kf3 64. Rh6 Ra2 65. Rh3+ Kg4 66. Rg3+ Kf5 67. Rg5+ Kf6 68. Ke1 Ke6 69. Kf1 Kf6 70. Kg1 Ke6 71. Rg3 Kf5 72. Be5 Ke6 73. Bf4 Kf5 74. Rg8 Kf6 75. Bg3 Kf5 76. Bf2 Kf6 77. Rf8+ Kg7 78. Rf4 Kg6 79. Kh2 Kg5 80.
Kg3 Rb2 81. Rg4+ Kf5 82. Rh4 Kg5 83. Rh8 Kf5 84. Rf8+ Kg5 85. Rg8+ Kf5 86. Rf8+ Kg5 87. Rf7 Kg6 88. Rf4 Kg5 89. Kh3 Rc2 90. Bh4+ Kg6 91.
Bf2 Kg5 92. Kh2 1/2-1/2

[Event "Early-Titled-Tuesday-Blitz-February-13-2024"]
[Site "Chess.com"]
[Date "2024.02.13"]
[Round "1"]
[White "Der_Balak_3Halak"]
[Black "alexrustemov"]
[Result "1/2-1/2"]
[WhiteElo "2457"]
[BlackElo "2810"]
[TimeControl "180+1"]
[EndTime "8:10:08 PST"]
[Termination "Game drawn by repetition"]

1. e4 e6 2. d4 d5 3. Nd2 dxe4 4. Nxe4 Bd7 5. Nf3 Bc6 6. Bd3 Nd7 7. O-O Ngf6 8. Qe2 Nxe4 9. Bxe4 Bxe4 10. Qxe4 c6 11. Bf4 Be7 12. Rad1 O-O 13. Bg3 Qa5 14. a3 Rad8 15.
c4 Rfe8 16. Ne5 Nxe5 17. dxe5 Qa4 18. Qe2 Qb3 19. Rc1 Rd3 20. Qc2 Red8 21. Qxb3 Rxb3 22. Rc2 Bc5 23. Bf4 a5 24. h3 a4 25. Re1 h6 26.
Be3 Bxe3 27. Rxe3 Rxe3 28. fxe3 Rd1+ 29. Kf2 Rb1 30. Kf3 Kf8 31. Ke4 Ke7 32. Kd4 b6 33. Ke4 Rd1 34. Kf4 Rd3 35. Ke4 Rb3 36. Rd2 b5 37.
cxb5 cxb5 38. Rc2 Kd7 39. Rd2+ Kc6 40. Rc2+ Kd7 41. Rd2+ Ke7 42. Rc2 g6 43. Rc7+ Kf8 44. Rc2 h5 45. Kf4 Kg7 46. g4 hxg4 47. hxg4 b4 48.
axb4 Rxb4+ 49. Kf3 g5 50. Rd2 Kg6 51. Rd4 Rxb2 52.
Rxa4 Rb5 53. Ke4 Rb1 54. Ra8 Kg7 55. Kf3 Rf1+ 56. Kg3 Rd1 57. Ra5 Kf8 58. Kf3 Ke7 59. Ra7+ Rd7 60. Ra8 Rd5 61. Ke4 Rb5 62. Ra7+ Kf8 63.
Ra8+ Kg7 64. Ra4 Rb1 65. Kf3 Rf1+ 66. Ke4 Kg6 67. Ra8 Rg1 68. Rg8+ Kh6 69. Kf3 Rf1+ 70. Ke4 Rf2 71. Rh8+ Kg7 72. Rh5 Kg6 73. Rh8 Ra2 74. Rg8+ Kh7 75. Rxg5 Ra4+ 76. Kf3 Ra5 77. Kf4 Ra4+ 78.
e4 Ra1 79. Rh5+ Kg6 80. Rh3 Rf1+ 81. Rf3 Ra1 82. Kg3 Re1 83. Rf4 Re3+ 84. Kf2 Ra3 85. Rf3 Ra5 86. Ke3 Rxe5 87. Kf4 Ra5 88. Rd3 f6 89.
Kf3 Kg5 90. Rc3 Ra4 91. Rc5+ e5 92. Rc3 Ra1 93. Rc8 Rf1+ 94. Ke2 Rf4 95. Ke3 Rxg4 96.
Rg8+ Kh4 97. Rf8 Rg3+ 98. Kf2 Rg6 99. Kf3 Kg5 100. Rh8 Rh6 101. Rg8+ Rg6 102. Rxg6+ Kxg6 103. Kg4 Kf7 104. Kf3 Ke7 105. Ke3 Kd6 106. Kd2 Kc6 107. Kc2 Kb5 108. Kb3 Kc5 109. Kc3 Kd6 110. Kd2 Ke6 111. Ke2 Kf7 112. Kf3 Kg7 113. Kg3 Kh6 114. Kh4 Kg6 115. Kg4 Kf7 116. Kf3 1/2-1/2

[Event "Early-Titled-Tuesday-Blitz-February-13-2024"]
[Site "Chess.com"]
[Date "2024.02.13"]
[Round "1"]
[White "RobertoJBM"]
[Black "Juicy_Fork"]
[Result "1-0"]
[WhiteElo "2811"]
[BlackElo "2447"]
[TimeControl "180+1"]
[EndTime "8:11:14 PST"]
[Termination "RobertoJBM won by resignation"]

1. d4 Nf6 2. Nf3 g6 3. e3 Bg7 4. Be2 O-O 5. O-O d6 6. c4 Nbd7 7. Nc3 e5 8. b3 Qe7 9. Bb2 e4 10. Nd2 c6 11. Qc2 Re8 12. Rae1 h5 13. Qb1 a5 14. Bd1 Nf8 15. Bc2 Bf5 16. f3 d5 17.
fxe4 dxe4 18. d5 Rad8 19. Re2 cxd5 20. cxd5 Nxd5 21. Nxd5 Rxd5 22. Bxg7 Kxg7 23. Qe1 h4 24.
h3 Qg5 25. Rf4 Red8 26. Nxe4 Bxe4 27. Rxe4 Ne6 28. Qxh4 Qxh4 29. Rxh4 Rd2 30. Kf2 Nc5 31. Rc4 Nd3+ 32. Bxd3 R8xd3 33. Rc2 Rd1 34. Rc7 b5 35. Rc5 Rd5 36. Rxd5 Rxd5 37. e4 Rd3 38. Rc2 Kf6 39. h4 Ke5 40. Rc5+ Kxe4 41. Rxb5 Rd2+ 42. Kg3 Rxa2 43. Rb7 Ra3 44. Kg4 f6 45. Rb6 Ke5 46. g3 a4 47. Rb5+ Ke6 48. Rb6+ Ke5 49. b4 Rb3 50.
Kh3 a3 51. Ra6 Kf5 52. b5 Rxb5 53. Rxa3 Ke6 54. Re3+ Re5 55. Rd3 f5 56. Kg2 Kf6 57. Kf3 Re6 58. Rd5 Rc6 59. Rd3 Ke6 60. Kf4 Kf6 61.
Rd4 Rb6 62. Rc4 Ra6 63. Kf3 Re6 64. Rc8 Rd6 65. Rh8 Rd3+ 66. Kg2 Ke5 67. Rf8 Rb3 68. Kf2 Ke6 69. Rg8 Kf7 70. Rd8 Kf6 71. Rd4 Rc3 72. Rd2 Ra3 73. Re2 Rb3 74. Re3 Rb2+ 75. Kf3 Rb4 76.
Rd3 Ra4 77. Rc3 Rd4 78. Rc6+ Kf7 79. Rc5 Rb4 80. Kg2 Kf6 81. Kh3 Rb3 82. Rc6+ Kf7 83. Rc4 Kf6 84. Kh2 Rb2+ 85. Kg1 Rb3 86. Kf2 Rb2+ 87. Kf3 Rb3+ 88. Kg2 Ra3 89. Rf4 Ke5 90.
Rb4 Kf6 91. Kh3 Rc3 92. Rb6+ Kf7 93. Kh2 Rc2+ 94. Kh3 Rc3 95. Rb4 Kf6 96. Ra4 Kf7 97. Kg2 Rb3 98. Rf4 Kf6 99. Rc4 Ra3 100. Rc6+ Kf7 101. Rc8 Rb3 102. Rc7+ Kf6 103. Rh7 Ra3 104. h5 gxh5 105. Rxh5 Kg6 106. Rh8 Ra2+ 107. Kh3 Ra3 108. Rf8 Kg5 109. Rg8+ Kf6 110. Kh4 Ra4+ 111. Kh5 Ra1 112. Rf8+ Ke6 113. Kg5 Rg1 114. Re8+ Kf7 115. Re3 Rf1 116. Re5 Rf3 117. Rxf5+ Rxf5+ 118. Kxf5 Kg7 119. Kg5 Kh7 120. Kf6 Kh8 121. Kg6 Kg8 122. g4 Kh8 123. g5 Kg8 124. Kh6 Kh8 125. g6 Kg8 126. g7 Kf7 127. Kh7 Kf6 128. g8=Q Kf5 129. Qg3 1-0

[Event "Early-Titled-Tuesday-Blitz-February-13-2024"]
[Site "Chess.com"]
[Date "2024.02.13"]
[Round "1"]
[White "Vaibhavraut99"]
[Black "Al_Shima"]
[Result "1/2-1/2"]
[WhiteElo "2673"]
[BlackElo "2358"]
[TimeControl "180+1"]
[EndTime "8:11:21 PST"]
[Termination "Game drawn - insufficient material"]

1. Nf3 d5 2. g3 g6 3. Bg2 Bg7 4.
d4 Nf6 5. O-O O-O 6. c4 c6 7. b3 Bg4 8. Nc3 Nbd7 9. Ne5 Nxe5 10. dxe5 Nd7 11. cxd5 Nxe5 12. Bb2 Rc8 13. h3 Bf5 14. e4 Bd7 15. f4 Qb6+ 16. Kh2 Nc4 17. Na4 Nxb2 18. Nxb6 Nxd1 19. Nxc8 Bxa1 20. Nxe7+ Kg7 21.
dxc6 Bxc6 22. Rxd1 Bf6 23. Nxc6 bxc6 24. e5 Be7 25.
Bxc6 Rc8 26. Rc1 h5 27. Rc4 Rd8 28. Rc2 h4 29. g4 Bb4 30. Kg2 Rd3 31. Bf3 Bd2 32.
f5 gxf5 33. gxf5 Bf4 34. e6 fxe6 35. fxe6 Kf6 36. Re2 Ke7 37. Re4 Rd2+ 38. Be2 Rxa2 39. Kf3 Bg3 40. Bc4 Rh2 41. Kg4 Rf2 42. Rd4 Bd6 43.
Bd5 Rf8 44. Re4 Rh8 45. Rc4 Rh7 46. Kf3 Kf6 47. Ra4 Ke5 48. Ra5 Kf6 49. Be4 Re7 50.
Ra6 Kxe6 51. Bd3 Kd7 52. Bb5+ Ke6 53. Bc4+ Ke5 54. Ra5+ Kf6 55. Rh5 Bg3 56. Rh6+ Ke5 57. Ra6 Kd4 58. Kg4 Kc3 59. Kf5 Kb4 60. Kf6 Rc7 61.
Ke6 Kc3 62. Kd5 Kb4 63. Ra1 Rd7+ 64. Ke6 Rc7 65. Ra4+ Kc3 66. Kd5 Bf2 67. Ra2 Bg3 68. Ke4 Re7+ 69. Kd5 Rd7+ 70. Ke6 Rc7 71. Kf6 Kb4 72. Re2 Kc5 73. Re6 Kd4 74. Kf5 Kc3 75. Ke4 Kb4 76. Ke3 Kc3 77. Re4 Rd7 78. Rg4 Kb2 79.
Kf3 Rd6 80. Re4 Kc3 81. Re3+ Kb4 82. Re4 Kc5 83. Ke2 Kb6 84. Re3 Rd7 85. Rd3 Rc7 86. Kd2 Kc5 87. Kc2 Kb6 88. Rd5 Kb7 89. Kc3 Kb6 90. b4 Kb7 91. Kb3 Kb6 92. Rb5+ Kc6 93. Rh5 Kd6 94. Rh6+ Ke5 95. b5 Kd4 96. Rh8 Ke3 97.
Re8+ Kf2 98. Rd8 Kg2 99. Be6 Kf2 100. Kb4 Ke3 101. Ka5 Kf4 102. Ka6 Kg5 103. Rg8+ Kf6 104. Bd5 Ke5 105. Bb7 Bf2 106. Re8+ Kf4 107. Rf8+ Kg3 108. Rg8+ Kxh3 109. Rf8 Bg3 110. Bc8+ Kh2 111. Bb7 Bd6 112. Rh8 Bc5 113. Rxh4+ Kg3 114. Rc4 Bb6 115. Rxc7 Bxc7 116. Kxa7 Bd8 117. Bc6 Bc7 118. Bd5 Kf4 119. Kb7 Bd8 120. Kc8 Ba5 121. Kb7 Ke5 122. Ka6 Bd8 123. Bh1 Kd6 124. b6 Bxb6 1/2-1/2